 Dungeon Crawl Stone Soup version 0.17-a0-1920-gafa4d75 (webtiles) character file.

7706 Guts the Carver (level 11, 0/75 HPs)
             Began as a Human Berserker on Sept 27, 2015.
             Was an Elder of Trog.
             Slain by a porcupine (4 damage)
             ... on level 10 of the Dungeon.
             The game lasted 00:29:39 (9904 turns).

Guts the Carver (Human Berserker)                   Turns: 9904, Time: 00:29:40

Health: 0/75       AC: 13    Str: 20    XL:     11   Next: 42%
Magic:  3/3        EV:  8    Int: 11    God:    Trog [****..]
Gold:   408        SH:  0    Dex: 13    Spells: 0 memorised, 10 levels left

rFire  + . .     SeeInvis .     A - +2 falchion (antimagic)
rCold  . . .     Clarity  .     B - +0 chain mail {rF+}
rNeg   + . .     SustAt   .     (no shield)
rPois  .         Gourm    .     J - +1 hat {Int+3}
rElec  .         Spirit   .     H - +2 cloak
rCorr  .         Warding  .     s - +0 pair of gloves
rMut   .         Stasis   .     (no boots)
MR     .....                    (no amulet)
Stlth  ..........               y - ring of flight
                                p - ring of positive energy

@: not resistant to hostile enchantments, extremely unstealthy
A: no striking features
a: Burn Spellbooks, Berserk, Trog's Hand, Brothers in Arms, Renounce Religion,
Evoke Flight


You were on level 10 of the Dungeon.
You worshipped Trog.
Trog was greatly pleased with you.
You were not hungry.

You visited 1 branch of the dungeon, and saw 10 of its levels.

You collected 441 gold pieces.
You spent 33 gold pieces at shops.

Inventory:

Hand weapons
 a - a +0 falchion
 k - a +0 falchion
 n - a +0 long sword
 A - a +2 antimagic falchion (weapon)
 C - a +1 falchion of slicing
Missiles
 g - 21 tomahawks (quivered)
 t - 8 needles of paralysis
 u - a javelin of penetration
 w - 30 poisoned needles
 I - 4 javelins
 Q - 8 exploding tomahawks
Armour
 f - a +0 ring mail
 s - a +0 pair of gloves (worn)
 B - a +0 chain mail of fire resistance (worn)
 H - a +2 cloak (worn)
 J - a +1 hat of intelligence (worn)
Jewellery
 p - a ring of positive energy (left hand)
 y - a ring of flight (right hand)
Magical devices
 h - a wand of frost (28)
 x - a wand of fire (5)
 N - a wand of frost (27)
Scrolls
 b - 3 scrolls of blinking {unknown}
 d - 3 scrolls of teleportation {unknown}
 j - a scroll of silence {unknown}
 o - 3 scrolls of amnesia {unknown}
 r - 4 scrolls of noise {unknown}
 D - a scroll of fear {unknown}
 E - 5 scrolls of remove curse {unknown}
 K - a scroll of recharging {unknown}
 M - a scroll of vulnerability {unknown}
 O - a scroll of magic mapping {unknown}
 P - a scroll of fog {unknown}
Potions
 e - a potion of haste
 l - 2 potions of lignification
 m - 2 potions of invisibility
 q - 3 potions of curing
 v - a potion of agility
 F - a potion of flight
 L - a potion of poison {unknown}
Comestibles
 c - 6 bread rations
 i - 6 meat rations


   Skills:
 - Level 3.0 Fighting
 * Level 14.8 Long Blades
 + Level 7.3 Throwing
 - Level 2.0 Armour
 - Level 2.0 Dodging


You had 10 spell levels left.
You didn't know any spells.

Dungeon Overview and Level Annotations

Branches:
Dungeon (10/15)
 Temple: D:4-7         Lair: D:8-11         Orc: D:9-12

Altars:
Cheibriados
Fedhas
Gozag
Kikubaaqudgha
Okawaru
Qazlal
Ru
Trog
Vehumet
Yredelemnul
Zin
The Shining One

Shops:
D:6 *


Message History

The porcupine is heavily wounded.
The porcupine bites you.
You completely miss the porcupine.
The porcupine is heavily wounded.
The porcupine bites you.
You are struck by the porcupine's spines.
You hit the porcupine.
The porcupine is severely wounded.
You are struck by the porcupine's spines.
You hit the porcupine.
The porcupine is severely wounded.
The porcupine bites you!
* * * LOW HITPOINT WARNING * * *
You are too injured to fight recklessly!
You are struck by the porcupine's spines.
* * * LOW HITPOINT WARNING * * *
You closely miss the porcupine.
The porcupine is severely wounded.
The porcupine bites you.
You die...

#......###Y#..##.#
#.....(....##Y#
#......######r##
#.....(#.......#
#.....(##.###.#...Y..
#......# #.##.#...
#....(.# #.# .r. .
#####r## #.. ...
#@### ##. .r. #...# .
... ###.# #. #.# #.#
#.# #.# #.# #.#


You could see a porcupine.

Vanquished Creatures
  Gastronok (D:8)
  Pikel (D:6)
  The ghost of Loris the Cleaver, an experienced HOGl (D:5)
  Grinder (D:5)
  2 yaks (D:10)
  2 wyverns
  A hippogriff (D:9)
  The ghost of Loris the Cleaver, an average HOGl (D:3)
  4 ice beasts
  A black bear (D:9)
  2 orc warriors
  7 ogres
  A phantom (D:6)
  2 necrophages
  2 centaurs (D:8)
  A crocodile (D:5)
  5 giant frogs
  A gnoll sergeant (D:10)
  12 killer bees
  2 scorpions
  2 crimson imps
  2 jellies
  2 giant frog zombies
  7 orc priests
  A centaur zombie (D:7)
  A giant frog skeleton (D:4)
  Crazy Yiuf (D:5)
  A centaur skeleton (D:9)
  Jessica (D:2)
  8 hounds
  4 iguanas
  6 orc wizards
  6 worker ants
  2 hound skeletons
  6 gnolls
  2 worker ant zombies
  10 adders
  4 shadow imps
  An adder zombie (D:5)
  An ooze (D:5)
  2 worms
  3 adder skeletons
  2 giant geckos
  38 orcs
  3 ball pythons
  5 bats
  4 goblins
  6 hobgoblins
  8 jackals
  9 kobolds
  A quokka (D:5)
  3 giant cockroaches
  A giant gecko skeleton (D:3)
  2 giant newts
  A jackal zombie (D:6)
  A quokka skeleton (D:9)
  7 rats
214 creatures vanquished.

Vanquished Creatures (others)
  A centaur (D:6)
  An orc (D:6)
2 creatures vanquished.

Grand Total: 216 creatures vanquished

Notes
Turn   | Place    | Note
--------------------------------------------------------------
     0 | D:1      | Guts the Human Berserker began the quest for the Orb.
     0 | D:1      | Reached XP level 1. HP: 18/18 MP: 1/1
   206 | D:1      | Reached XP level 2. HP: 16/24 MP: 2/2
   927 | D:2      | Found a snail-covered altar of Cheibriados.
   934 | D:2      | Acquired Trog's second power
   934 | D:2      | Reached skill level 4 in Long Blades
   934 | D:2      | Reached XP level 3. HP: 15/29 MP: 3/3
   975 | D:2      | Noticed Jessica
   992 | D:2      | Killed Jessica
  1050 | D:2      | Found an iron altar of Okawaru.
  1163 | D:2      | Reached XP level 4. HP: 25/35 MP: 4/4
  1350 | D:2      | Found a glowing golden altar of the Shining One.
  1470 | D:3      | Reached skill level 5 in Long Blades
  1523 | D:3      | Noticed Loris's ghost (average HOGl)
  1613 | D:4      | Reached XP level 5. HP: 21/41 MP: 5/5
  1717 | D:4      | Reached skill level 6 in Long Blades
  1718 | D:4      | HP: 2/61 [orc priest/divine providence (11)]
  1723 | D:4      | Reached XP level 6. HP: 5/47 MP: 6/6
  2013 | D:4      | Noticed an ogre
  2024 | D:4      | Killed an ogre
  2084 | D:4      | Found an opulent altar of Gozag.
  2102 | D:4      | Reached skill level 7 in Long Blades
  2444 | D:4      | Noticed an ogre
  2467 | D:4      | Killed an ogre
  2467 | D:4      | Reached XP level 7. HP: 24/52 MP: 7/7
  2765 | D:4      | Noticed an ogre
  2773 | D:4      | Killed an ogre
  2773 | D:4      | Reached skill level 8 in Long Blades
  3440 | D:3      | Found a bloodstained altar of Trog.
  3578 | D:3      | Killed Loris's ghost
  3578 | D:3      | Reached skill level 9 in Long Blades
  3578 | D:3      | Reached XP level 8. HP: 10/58 MP: 8/8
  4042 | D:5      | Entered Level 5 of the Dungeon
  4100 | D:5      | Noticed Loris's ghost (experienced HOGl)
  4120 | D:5      | Killed Loris's ghost
  4120 | D:5      | Reached skill level 10 in Long Blades
  4591 | D:5      | Reached XP level 9. HP: 57/63 MP: 3/9
  4678 | D:5      | Reached skill level 11 in Long Blades
  5240 | D:5      | Found a sacrificial altar of Ru.
  5241 | D:5      | Found a radiant altar of Vehumet.
  5371 | D:5      | Noticed Grinder
  5385 | D:5      | Killed Grinder
  5395 | D:5      | Reached skill level 12 in Long Blades
  5518 | D:5      | Noticed Crazy Yiuf
  5526 | D:5      | Killed Crazy Yiuf
  5771 | D:6      | Found a glowing silver altar of Zin.
  5773 | D:6      | Found Jywuamas's Hallowed Reliquary.
  5773 | D:6      | Noticed an angel
  5781 | D:6      | Bought a potion of curing for 33 gold pieces
  5850 | D:6      | Noticed Pikel
  5870 | D:6      | Killed Pikel
  5870 | D:6      | Reached XP level 10. HP: 60/70 MP: 3/10
  6627 | D:7      | Reached skill level 13 in Long Blades
  6734 | D:7      | Acquired Trog's third power
  6762 | D:7      | Found a basalt altar of Yredelemnul.
  6966 | D:7      | Found a stormy altar of Qazlal.
  7147 | D:7      | Received a gift from Trog
  7205 | D:8      | Noticed Gastronok
  7233 | D:8      | Killed Gastronok
  7714 | D:8      | Reached XP level 11. HP: 75/75 MP: 3/11
  7744 | D:8      | Reached skill level 14 in Long Blades
  8726 | D:8      | Received a gift from Trog
  9220 | D:9      | Found an ancient bone altar of Kikubaaqudgha.
  9222 | D:9      | Found a blossoming altar of Fedhas.
  9562 | D:10     | Entered Level 10 of the Dungeon
  9588 | D:10     | Received a gift from Trog
  9602 | D:10     | Noticed a cyan ugly thing
  9904 | D:10     | HP: 3/75 [porcupine's spines (13)]
  9904 | D:10     | Slain by a porcupine

Vault maps used:
D:1:      saegor_arrival_simple_b
D:2:      old_standard_altar, tso_oasis_becter, okawaru_ov_weapons_minmay,
          uniq_jessica
D:3:      lemuel_crystal_altar
D:4:      lemuel_doored_altar
D:5:      gammafunk_temple_overflow_pools, first_bread, uniq_crazy_yiuf_cottage,
          uniq_grinder
D:6:      nicolae_whirlpool, minmay_temple_entry_purple_smoke,
          nicolae_good_shop, uniq_pikel
D:7:      kennysheep_little_box, old_standard_altar
D:8:      uniq_gastronok
D:9:      grunt_temple_overflow_growth_and_decay
D:10:     minmay_lair_entry_grove, serial_shops, nicolae_shop_crystal, uniq_grum

Action                   |  1- 3 |  4- 6 |  7- 9 | 10-12 || total
-------------------------+-------+-------+-------+-------++-------
Melee: Falchion          |    95 |    23 |   219 |   379 ||   716
       Long sword        |       |   103 |   161 |       ||   264
Throw: Tomahawk          |     2 |     4 |    33 |    19 ||    58
       Javelin           |       |       |     2 |    25 ||    27
Invok: Berserk           |     1 |     4 |     4 |     1 ||    10
       Trog's Hand       |       |     4 |     1 |     3 ||     8
       Burn Spellbooks   |       |       |     1 |       ||     1
Evoke: Wand              |       |       |     3 |     4 ||     7
  Use: Scroll            |       |       |     1 |     5 ||     6
       Potion            |       |       |       |     2 ||     2
 Stab: Sleeping          |     1 |       |       |       ||     1
  Eat: Chunk             |     2 |     6 |    17 |     7 ||    32
       Fruit             |       |     2 |       |     5 ||     7
       Pizza             |       |       |       |     1 ||     1
       Beef jerky        |       |       |       |     1 ||     1
